EDMONTON Oilers vs COLUMBUS Blue Jackets

Created - 2 mars 2019 at 16:43

Goals
1 2 3 T
EDMONTON Oilers 0 1 3 4
COLUMBUS Blue Jackets 1 3 1 5
Shots
1 2 3 T
EDMONTON Oilers 12 11 7 30
COLUMBUS Blue Jackets 7 12 22 41

1st period

1. COLUMBUS Blue Jackets , Valtteri Filppula 14 (Richard Panik 23, Joel Edmundson 35) at 10:00

Penalties :
Joel Edmundson (CLB) for Delaying the game (Minor) at 5:43

2nd period

2. EDMONTON Oilers , Jimmy Vesey 9 (Madison Bowey 11) at 2:38
3. COLUMBUS Blue Jackets , Trevor Lewis 5 (Andre Burakovsky 17, Casey Cizikas 21) at 3:52
4. COLUMBUS Blue Jackets , Loui Eriksson 13 (Alexander Wennberg 27, Michael Frolik 21) at 16:51
5. COLUMBUS Blue Jackets , Olli Maatta 11 (Valtteri Filppula 28) at 17:17

Penalties :
Mike Smith (CLB) for Slashing (Minor) at 4:06 - Jori Lehtera served the penalty., Jori Lehtera (CLB) for Close Hand On Puck (Minor) at 13:53

3rd period

6. EDMONTON Oilers , Mark Letestu 11 (Brian Flynn 10) at 2:15
7. EDMONTON Oilers , Mark Letestu 12 (Brian Flynn 11, Matt Irwin 18) at 10:11
8. COLUMBUS Blue Jackets , Michael Frolik 20 (Alexander Wennberg 28) at 10:23
9. EDMONTON Oilers , Jimmy Vesey 10 (Niklas Hjalmarsson 22, Madison Bowey 12) at 13:12 (SH)

Penalties :
Leo Komarov (EDM) for Interference (Minor) at 12:35, Antti Niemi (EDM) for Delaying the game (Minor) at 12:49 - Josh Morrissey served the penalty.

Goalie Stats

Antti Niemi (EDM), 36 saves from 41 shots - (0,878), L, 5-8-0, 60:00 minutes
Mike Smith (CLB), 26 saves from 30 shots - (0,867), W, 27-21-8, 60:00 minutes

Players Stats for EDMONTON Oilers

Player Name              G  A  P  +/- PIM S  H  SB GA TA FO     MP     PP MP  PK MP  
------------------------------------------------------------------------------------
Brad Hunt                0  0  0  -1  0   0  0  2  0  0  0/0    16:53   0:00   0:00 
Brian Flynn              0  2  2   3  0   2  1  0  0  0  0/3    16:34   0:00   0:39 
Casey Bailey             0  0  0  -2  0   0  0  0  0  0  2/2    10:32   0:00   0:00 
Cody Franson             0  0  0   2  0   0  4  3  0  0  0/0    19:08   3:05   0:57 
David Desharnais         0  0  0   0  0   2  1  1  0  0  4/12    9:19   0:00   0:00 
James Neal               0  0  0  -3  0   2  0  0  0  0  5/20   19:18   3:14   0:00 
Jason Spezza             0  0  0  -2  0   4  0  1  0  0  14/23  22:34   2:43   0:00 
Jimmy Vesey              2  0  2   4  0   4  1  0  0  0  1/3    17:01   0:00   1:06 
Josh Morrissey           0  0  0  -3  0   2  5  0  0  0  0/0    22:57   2:52   0:14 
Kevin Shattenkirk        0  0  0   0  0   0  0  0  0  0  0/0     0:26   0:00   0:26 
Leo Komarov              0  0  0  -3  2   1  3  0  0  0  0/0    19:17   3:14   0:00 
Madison Bowey            0  2  2   0  0   1  2  1  0  0  0/0    21:04   3:05   1:06 
Mark Letestu             2  0  2   3  0   4  3  0  0  0  12/20  19:06   2:43   0:28 
Matt Irwin               0  1  1   2  0   1  3  2  0  0  0/0    15:06   0:00   0:00 
Niklas Hjalmarsson       0  1  1  -2  0   1  1  2  0  0  0/0    24:26   2:52   1:43 
Sam Gagner               0  0  0  -2  0   5  1  0  0  0  1/1    13:15   2:43   0:00 
Tanner Glass             0  0  0   0  0   1  3  0  0  0  0/0     9:19   0:00   0:00 
Travis Morin             0  0  0  -3  0   0  0  0  0  0  0/9    19:46   3:14   0:28 

Players Stats for COLUMBUS Blue Jackets

Player Name              G  A  P  +/- PIM S  H  SB GA TA FO     MP     PP MP  PK MP  
------------------------------------------------------------------------------------
Alex Killorn             0  0  0   2  0   4  1  0  0  0  0/0    17:54   0:58   0:00 
Alexander Wennberg       0  2  2   0  0   1  4  1  0  0  19/37  26:53   1:15   3:29 
Andre Burakovsky         0  1  1  -1  0   2  1  0  0  0  0/0    12:28   0:00   0:00 
Artturi Lehkonen         0  0  0   0  0   0  1  0  0  0  0/0     6:09   0:00   0:00 
Calvin de Haan           0  0  0   1  0   0  2  0  0  0  0/0    25:28   1:15   2:57 
Casey Cizikas            0  1  1  -1  0   3  0  0  0  0  0/0    13:08   0:00   0:40 
Dmitry Kulikov           0  0  0   0  0   1  1  3  0  0  0/0    13:13   0:00   0:00 
Jan Rutta                0  0  0   0  0   2  0  0  0  0  0/0    21:02   0:58   3:00 
Joel Edmundson           0  1  1   1  2   2  3  0  0  0  0/0    24:21   1:15   1:51 
Jori Lehtera             0  0  0   0  2   0  0  0  0  0  3/6     6:08   0:00   0:00 
Loui Eriksson            1  0  1   0  0   4  1  0  0  0  3/8    19:21   1:15   1:49 
Matt Benning             0  0  0   0  0   1  0  0  0  0  0/0    14:32   0:00   1:02 
Michael Frolik           1  1  2   0  0   4  1  1  0  0  0/1    21:39   1:15   4:07 
Olli Maatta              1  0  1   0  0   4  1  0  0  0  0/0    21:23   0:58   3:04 
Richard Panik            0  1  1   2  0   3  0  1  0  0  0/2    19:43   0:58   1:49 
Trevor Lewis             1  0  1  -1  0   1  2  0  0  0  9/14   12:28   0:00   0:00 
Valtteri Filppula        1  1  2   2  0   8  0  0  0  0  20/25  17:54   0:58   0:00 
Zemgus Girgensons        0  0  0   0  0   1  0  0  0  0  0/0     0:17   0:00   0:00 

3 Stars

1 - Mark Letestu (EDM)
2 - Jimmy Vesey (EDM)
3 - Valtteri Filppula (CLB)

Power Play

EDMONTON Oilers - 0 on 3 Attempt(s) - 0,00%
COLUMBUS Blue Jackets - 0 on 2 Attempt(s) - 0,00%

Penalty Kill

EDMONTON Oilers - 2 on 2 Attempt(s) - 100,00% - Score 1 goal in Penalty Kill
COLUMBUS Blue Jackets - 3 on 3 Attempt(s) - 100,00% - Score 0 goal in Penalty Kill

Team Stat

EDMONTON Oilers - Hits : 28 - Faceoff Wins : 39 - Blocked Shots : 12 - Penalty Minutes : 4
COLUMBUS Blue Jackets - Hits : 18 - Faceoff Wins : 54 - Blocked Shots : 6 - Penalty Minutes : 6

Official

Referees : Unknown
Linesman : Unknown

Game Notes

No Game Note

Finance

Level 1 -- Attendance: 4999 (82,63%) -- Ticket Income 494 901 $
Level 2 -- Attendance: 4443 (87,98%) -- Ticket Income 262 137 $
Level 3 -- Attendance: 1940 (93,49%) -- Ticket Income 71 780 $
Level 4 -- Attendance: 4103 (100,00%) -- Ticket Income 61 545 $
Luxury Box -- Attendance: 689 (68,42%) -- Ticket Income 143 312 $
Game was played at the Nationwide Arena.
Total Attendance: 16174 (88,46%)
Total Ticket Income: 1 033 675 $
Other Income: 403 133 $
Total Income: 1 436 808 $

EDMONTON Oilers

5 vs 5 Forward 
   Center                   Left Wing                Right Wing               Time % Phy DF OF 
 1 James Neal               Leo Komarov              Travis Morin             27     0   0  5  
 2 Jason Spezza             Sam Gagner               Casey Bailey             25     3   0  2  
 3 Mark Letestu             Jimmy Vesey              Brian Flynn              24     1   2  2  
 4 David Desharnais         Jason Spezza             Tanner Glass             24     1   2  2  

5 vs 5 Defense 
   Defense                  Defense                                           Time % Phy DF OF 
 1 Josh Morrissey           Niklas Hjalmarsson                                30     1   2  2  
 2 Matt Irwin               Cody Franson                                      28     1   2  2  
 3 Brad Hunt                Madison Bowey                                     28     1   2  2  
 4 Josh Morrissey           Niklas Hjalmarsson                                14     1   2  2  

PowerPlay Forward 
   Center                   Left Wing                Right Wing               Time % Phy DF OF 
 1 Travis Morin             Leo Komarov              James Neal               60     1   2  2  
 2 Jason Spezza             Sam Gagner               Mark Letestu             40     1   2  2  

PowerPlay Defense
   Defense                  Defense                                           Time % Phy DF OF 
 1 Josh Morrissey           Niklas Hjalmarsson                                60     1   2  2  
 2 Madison Bowey            Cody Franson                                      40     1   2  2  

Penalty Kill 4 Players Forward 
   Center                   Wing                     Time % Phy DF OF 
 1 Travis Morin             Mark Letestu             60     1   2  2  
 2 Leo Komarov              Jason Spezza             40     1   2  2  

Penalty Kill 4 Players Defense
   Defense                  Defense                  Time % Phy DF OF 
 1 Josh Morrissey           Niklas Hjalmarsson       60     1   2  2  
 2 Madison Bowey            Cody Franson             40     1   2  2  

Penalty Kill - 3 Players Forward 
   Forward                                           Time % Phy DF OF 
 1 Leo Komarov                                       60     1   2  2  
 2 Jason Spezza                                      40     1   2  2  

Penalty Kill - 3 Players Defense
   Defense                  Defense                  Time % Phy DF OF 
 1 Josh Morrissey           Niklas Hjalmarsson       60     1   2  2  
 2 Madison Bowey            Cody Franson             40     1   2  2  

4 vs 4 Forward 
   Center                   Wing                     Time % Phy DF OF 
 1 Sam Gagner               Jimmy Vesey              60     1   2  2  
 2 Leo Komarov              Jason Spezza             40     1   2  2  

4 vs 4 Defense
   Defense                  Defense                  Time % Phy DF OF 
 1 Josh Morrissey           Niklas Hjalmarsson       60     1   2  2  
 2 Madison Bowey            Cody Franson             40     1   2  2  

Last Minutes Offensive
   Center                   Left Wing                Right Wing               Defense                  Defense                  
   James Neal               Leo Komarov              Travis Morin             Josh Morrissey           Niklas Hjalmarsson       

Last Minutes Defensive
   Center                   Left Wing                Right Wing               Defense                  Defense                  
   James Neal               Leo Komarov              Travis Morin             Josh Morrissey           Niklas Hjalmarsson       

Goaltenders
Starting : Antti Niemi              
Backup : Sergei Bobrovsky         

Extra Forwards
Normal : Travis Morin, Mark Letestu, Jimmy Vesey - PP : Travis Morin, Mark Letestu - PK : Jimmy Vesey
Extra Defensemen
Normal : Josh Morrissey, Madison Bowey, Cody Franson - PP : Josh Morrissey - PK : Madison Bowey, Josh Morrissey
Penalty Shots
Travis Morin, James Neal, Leo Komarov, Jason Spezza, Sam Gagner

COLUMBUS Blue Jackets

5 vs 5 Forward 
   Center                   Left Wing                Right Wing               Time % Phy DF OF 
 1 Alexander Wennberg       Michael Frolik           Loui Eriksson            40     1   2  2  
 2 Valtteri Filppula        Richard Panik            Alex Killorn             30     1   2  2  
 3 Trevor Lewis             Casey Cizikas            Andre Burakovsky         20     1   2  2  
 4 Jori Lehtera             Artturi Lehkonen         Alexander Wennberg       10     1   2  2  

5 vs 5 Defense 
   Defense                  Defense                                           Time % Phy DF OF 
 1 Joel Edmundson           Calvin de Haan                                    40     1   2  2  
 2 Olli Maatta              Jan Rutta                                         30     1   2  2  
 3 Dmitry Kulikov           Matt Benning                                      20     1   2  2  
 4 Joel Edmundson           Calvin de Haan                                    10     1   2  2  

PowerPlay Forward 
   Center                   Left Wing                Right Wing               Time % Phy DF OF 
 1 Alexander Wennberg       Michael Frolik           Loui Eriksson            60     1   2  2  
 2 Valtteri Filppula        Richard Panik            Alex Killorn             40     1   2  2  

PowerPlay Defense
   Defense                  Defense                                           Time % Phy DF OF 
 1 Joel Edmundson           Calvin de Haan                                    60     1   2  2  
 2 Olli Maatta              Jan Rutta                                         40     1   2  2  

Penalty Kill 4 Players Forward 
   Center                   Wing                     Time % Phy DF OF 
 1 Alexander Wennberg       Michael Frolik           60     1   2  2  
 2 Loui Eriksson            Richard Panik            40     1   2  2  

Penalty Kill 4 Players Defense
   Defense                  Defense                  Time % Phy DF OF 
 1 Joel Edmundson           Calvin de Haan           60     1   2  2  
 2 Olli Maatta              Jan Rutta                40     1   2  2  

Penalty Kill - 3 Players Forward 
   Forward                                           Time % Phy DF OF 
 1 Alexander Wennberg                                60     1   2  2  
 2 Michael Frolik                                    40     1   2  2  

Penalty Kill - 3 Players Defense
   Defense                  Defense                  Time % Phy DF OF 
 1 Joel Edmundson           Calvin de Haan           60     1   2  2  
 2 Olli Maatta              Jan Rutta                40     1   2  2  

4 vs 4 Forward 
   Center                   Wing                     Time % Phy DF OF 
 1 Alexander Wennberg       Michael Frolik           60     1   2  2  
 2 Loui Eriksson            Richard Panik            40     1   2  2  

4 vs 4 Defense
   Defense                  Defense                  Time % Phy DF OF 
 1 Joel Edmundson           Calvin de Haan           60     1   2  2  
 2 Olli Maatta              Jan Rutta                40     1   2  2  

Last Minutes Offensive
   Center                   Left Wing                Right Wing               Defense                  Defense                  
   Alexander Wennberg       Michael Frolik           Loui Eriksson            Joel Edmundson           Calvin de Haan           

Last Minutes Defensive
   Center                   Left Wing                Right Wing               Defense                  Defense                  
   Alexander Wennberg       Michael Frolik           Loui Eriksson            Joel Edmundson           Calvin de Haan           

Goaltenders
Starting : Mike Smith               
Backup : Jonathan Bernier         

Extra Forwards
Normal : Zemgus Girgensons, Trevor Lewis, Casey Cizikas - PP : Zemgus Girgensons, Trevor Lewis - PK : Casey Cizikas
Extra Defensemen
Normal : Dmitry Kulikov, Matt Benning, Olli Maatta - PP : Dmitry Kulikov - PK : Matt Benning, Olli Maatta
Penalty Shots
Alexander Wennberg, Michael Frolik, Loui Eriksson, Richard Panik, Alex Killorn


% Time on Ice - EDMONTON Oilers

Lines # - Real PCT - Wanted PCT - Time Play
Normal Forward
1 - 31% - 27% - 16:03
2 - 20% - 25% - 10:32
3 - 31% - 24% - 15:55
4 - 18% - 24% - 9:19
Normal Defense
1 - 28% - 30% - 14:32
2 - 29% - 28% - 15:06
3 - 33% - 28% - 16:53
4 - 10% - 14% - 5:18
PP Forward
1 - 54% - 60% - 3:14
2 - 46% - 40% - 2:43
PP Defense
1 - 48% - 60% - 2:52
2 - 52% - 40% - 3:05
PK Forward
1 - 100% - 60% - 0:28
2 - 0% - 40% - 0:00
PK Defense
1 - 100% - 60% - 0:28
2 - 0% - 40% - 0:00
PK3 Forward
1 - 100% - 60% - 1:45
2 - 0% - 40% - 0:00
PK3 Defense
1 - 96% - 60% - 1:41
2 - 4% - 40% - 0:04
44 Forward
1 - 0% - 60%
2 - 0% - 40%
44 Defense
1 - 0% - 60%
2 - 0% - 40%
Last Minute Offensive  - 0:01
Last Minute Defensive  - 0:00
Total
Forward - 60:00
Defense - 60:00

% Time on Ice - COLUMBUS Blue Jackets

Lines # - Real PCT - Wanted PCT - Time Play
Normal Forward
1 - 31% - 40% - 15:59
2 - 33% - 30% - 16:56
3 - 24% - 20% - 12:28
4 - 12% - 10% - 6:09
Normal Defense
1 - 38% - 40% - 19:23
2 - 33% - 30% - 17:04
3 - 26% - 20% - 13:13
4 - 4% - 10% - 1:52
PP Forward
1 - 56% - 60% - 1:15
2 - 44% - 40% - 0:58
PP Defense
1 - 56% - 60% - 1:15
2 - 44% - 40% - 0:58
PK Forward
1 - 69% - 60% - 4:08
2 - 31% - 40% - 1:49
PK Defense
1 - 50% - 60% - 2:57
2 - 50% - 40% - 3:00
PK3 Forward
1 - 0% - 60%
2 - 0% - 40%
PK3 Defense
1 - 0% - 60%
2 - 0% - 40%
44 Forward
1 - 0% - 60%
2 - 0% - 40%
44 Defense
1 - 0% - 60%
2 - 0% - 40%
Last Minute Offensive  - 0:00
Last Minute Defensive  - 0:18
Total
Forward - 60:00
Defense - 60:00

Play-by-Play

1st period


0:01 of 1st period - Loui Eriksson wins face-off versus James Neal in neutral zone.
1:18 of 1st period - Sam Gagner is hit by Olli Maatta and loses puck.
1:53 of 1st period - Shot by Jimmy Vesey.
1:53 of 1st period - Shot Misses the Net.
1:55 of 1st period - Shot by Jimmy Vesey.
1:55 of 1st period - Deflect By Mark Letestu.
1:55 of 1st period - Stopped by Mike Smith without a rebound.
1:56 of 1st period - Trevor Lewis wins face-off versus David Desharnais in COLUMBUS Blue Jackets zone.
2:34 of 1st period - Shot by Casey Cizikas.
2:34 of 1st period - Stopped by Antti Niemi with a rebound.
2:47 of 1st period - Jason Spezza is hit by Joel Edmundson and loses puck.
4:45 of 1st period - Shot by Matt Irwin.
4:45 of 1st period - Stopped by Mike Smith without a rebound.
4:46 of 1st period - Alexander Wennberg wins face-off versus James Neal in COLUMBUS Blue Jackets zone.
4:57 of 1st period - Shot by Michael Frolik.
4:57 of 1st period - Shot Misses the Net.
5:04 of 1st period - Icing by Cody Franson.
5:05 of 1st period - Jori Lehtera wins face-off versus James Neal in EDMONTON Oilers zone.
5:05 of 1st period - Matt Benning is hit by Matt Irwin and loses puck.
5:12 of 1st period - Shot by Alexander Wennberg.
5:12 of 1st period - Shot Blocked by Matt Irwin.
5:14 of 1st period - Shot by Jori Lehtera.
5:14 of 1st period - Shot Blocked by Cody Franson.
5:16 of 1st period - Shot by Alexander Wennberg.
5:16 of 1st period - Stopped by Antti Niemi without a rebound.
5:17 of 1st period - Valtteri Filppula wins face-off versus James Neal in EDMONTON Oilers zone.
5:24 of 1st period - Shot by Joel Edmundson.
5:24 of 1st period - Stopped by Antti Niemi without a rebound.
5:25 of 1st period - Mark Letestu wins face-off versus Alexander Wennberg in EDMONTON Oilers zone.
5:32 of 1st period - Alexander Wennberg is hit by Mark Letestu.
5:43 of 1st period - Minor Penalty to Joel Edmundson for Delaying the game.
5:44 of 1st period - Alexander Wennberg wins face-off versus Travis Morin in COLUMBUS Blue Jackets zone.
6:51 of 1st period - Shot by Jason Spezza.
6:51 of 1st period - Deflect By Sam Gagner.
6:51 of 1st period - Shot Misses the Net.
7:02 of 1st period - Shot by Madison Bowey.
7:02 of 1st period - Shot Misses the Net.
7:14 of 1st period - Shot by Jason Spezza.
7:14 of 1st period - Shot Misses the Net.
7:16 of 1st period - Shot by Madison Bowey.
7:16 of 1st period - Stopped by Mike Smith without a rebound.
7:17 of 1st period - Loui Eriksson wins face-off versus Travis Morin in COLUMBUS Blue Jackets zone.
7:26 of 1st period - Shot by James Neal.
7:26 of 1st period - Stopped by Mike Smith without a rebound.
7:27 of 1st period - Jason Spezza wins face-off versus Loui Eriksson in COLUMBUS Blue Jackets zone.
8:17 of 1st period - Icing by Matt Irwin.
8:18 of 1st period - Valtteri Filppula wins face-off versus Mark Letestu in EDMONTON Oilers zone.
8:34 of 1st period - Richard Panik is hit by Matt Irwin and loses puck.
8:45 of 1st period - Shot by Valtteri Filppula.
8:45 of 1st period - Shot Misses the Net.
8:47 of 1st period - Shot by Richard Panik.
8:47 of 1st period - Stopped by Antti Niemi without a rebound.
8:48 of 1st period - Sam Gagner wins face-off versus Alexander Wennberg in EDMONTON Oilers zone.
8:57 of 1st period - Shot by Sam Gagner.
8:57 of 1st period - Stopped by Mike Smith without a rebound.
8:58 of 1st period - Alexander Wennberg wins face-off versus James Neal in COLUMBUS Blue Jackets zone.
8:58 of 1st period - Olli Maatta is hit by Leo Komarov and loses puck.
9:29 of 1st period - Shot by Loui Eriksson.
9:29 of 1st period - Shot Misses the Net.
9:40 of 1st period - Icing by Josh Morrissey.
9:41 of 1st period - Valtteri Filppula wins face-off versus James Neal in EDMONTON Oilers zone.
10:00 of 1st period - Shot by Valtteri Filppula.
10:00 of 1st period - Goal by Valtteri Filppula - EDMONTON Oilers : 0 - COLUMBUS Blue Jackets : 1.
10:01 of 1st period - Jason Spezza wins face-off versus Trevor Lewis in neutral zone.
10:10 of 1st period - Shot by Jason Spezza.
10:10 of 1st period - Shot Misses the Net.
10:26 of 1st period - Shot by Jason Spezza.
10:26 of 1st period - Stopped by Mike Smith without a rebound.
10:27 of 1st period - Mark Letestu wins face-off versus Loui Eriksson in COLUMBUS Blue Jackets zone.
10:28 of 1st period - Shot by Brian Flynn.
10:28 of 1st period - Stopped by Mike Smith without a rebound.
10:29 of 1st period - Mark Letestu wins face-off versus Michael Frolik in COLUMBUS Blue Jackets zone.
10:30 of 1st period - Shot by Matt Irwin.
10:30 of 1st period - Shot Misses the Net.
10:33 of 1st period - Icing by Loui Eriksson.
10:34 of 1st period - Jason Spezza wins face-off versus Alexander Wennberg in COLUMBUS Blue Jackets zone.
11:08 of 1st period - Icing by Madison Bowey.
11:09 of 1st period - Valtteri Filppula wins face-off versus Jason Spezza in EDMONTON Oilers zone.
11:51 of 1st period - Shot by Leo Komarov.
11:51 of 1st period - Shot Misses the Net.
11:53 of 1st period - Shot by Josh Morrissey.
11:53 of 1st period - Stopped by Mike Smith without a rebound.
11:54 of 1st period - Mark Letestu wins face-off versus Alexander Wennberg in COLUMBUS Blue Jackets zone.
11:55 of 1st period - Shot by Brian Flynn.
11:55 of 1st period - Stopped by Mike Smith without a rebound.
11:56 of 1st period - Loui Eriksson wins face-off versus Mark Letestu in COLUMBUS Blue Jackets zone.
11:56 of 1st period - Calvin de Haan is hit by Mark Letestu and loses puck.
12:29 of 1st period - Shot by Jimmy Vesey.
12:29 of 1st period - Stopped by Mike Smith without a rebound.
12:30 of 1st period - Valtteri Filppula wins face-off versus David Desharnais in COLUMBUS Blue Jackets zone.
12:47 of 1st period - Shot by David Desharnais.
12:47 of 1st period - Shot Misses the Net.
12:49 of 1st period - Shot by Tanner Glass.
12:49 of 1st period - Stopped by Mike Smith with a rebound.
12:57 of 1st period - Shot by David Desharnais.
12:57 of 1st period - Shot Blocked by Richard Panik.
12:59 of 1st period - Shot by Niklas Hjalmarsson.
12:59 of 1st period - Shot Misses the Net.
13:39 of 1st period - Shot by Alexander Wennberg.
13:39 of 1st period - Shot Misses the Net.
13:41 of 1st period - Shot by Loui Eriksson.
13:41 of 1st period - Stopped by Antti Niemi without a rebound.
13:42 of 1st period - Mark Letestu wins face-off versus Trevor Lewis in EDMONTON Oilers zone.
14:06 of 1st period - Shot by Cody Franson.
14:06 of 1st period - Deflect By Jimmy Vesey.
14:06 of 1st period - Stopped by Mike Smith without a rebound.
14:07 of 1st period - Alexander Wennberg wins face-off versus James Neal in COLUMBUS Blue Jackets zone.
14:27 of 1st period - Shot by Alexander Wennberg.
14:27 of 1st period - Shot Misses the Net.
14:52 of 1st period - Icing by Brad Hunt.
14:53 of 1st period - Valtteri Filppula wins face-off versus James Neal in EDMONTON Oilers zone.
16:49 of 1st period - Michael Frolik is hit by Josh Morrissey and loses puck.
17:24 of 1st period - Shot by Calvin de Haan.
17:24 of 1st period - Shot Blocked by Niklas Hjalmarsson.
17:26 of 1st period - Shot by Calvin de Haan.
17:26 of 1st period - Shot Blocked by Jason Spezza.
17:28 of 1st period - Shot by Alex Killorn.
17:28 of 1st period - Stopped by Antti Niemi without a rebound.
17:29 of 1st period - Mark Letestu wins face-off versus Valtteri Filppula in EDMONTON Oilers zone.
18:26 of 1st period - Shot by James Neal.
18:26 of 1st period - Shot Misses the Net.
18:59 of 1st period - Icing by Loui Eriksson.
19:00 of 1st period - Alexander Wennberg wins face-off versus Mark Letestu in COLUMBUS Blue Jackets zone.
Goals for this period are 0 for EDMONTON Oilers vs 1 for COLUMBUS Blue Jackets.
Shots for this period are 12 for EDMONTON Oilers vs 7 for COLUMBUS Blue Jackets.

2nd period


0:01 of 2nd period - David Desharnais wins face-off versus Alexander Wennberg in neutral zone.
0:01 of 2nd period - David Desharnais is hit by Alexander Wennberg.
0:19 of 2nd period - Icing by Josh Morrissey.
0:20 of 2nd period - David Desharnais wins face-off versus Trevor Lewis in EDMONTON Oilers zone.
0:20 of 2nd period - David Desharnais is hit by Trevor Lewis.
1:19 of 2nd period - Icing by Alexander Wennberg.
1:20 of 2nd period - Alexander Wennberg wins face-off versus Mark Letestu in COLUMBUS Blue Jackets zone.
1:36 of 2nd period - Icing by Calvin de Haan.
1:37 of 2nd period - Alexander Wennberg wins face-off versus James Neal in COLUMBUS Blue Jackets zone.
1:58 of 2nd period - Icing by Calvin de Haan.
1:59 of 2nd period - Casey Bailey wins face-off versus Alexander Wennberg in COLUMBUS Blue Jackets zone.
2:00 of 2nd period - Shot by Jason Spezza.
2:00 of 2nd period - Shot Misses the Net.
2:06 of 2nd period - Shot by Sam Gagner.
2:06 of 2nd period - Shot Misses the Net.
2:11 of 2nd period - Icing by Joel Edmundson.
2:12 of 2nd period - Alexander Wennberg wins face-off versus Mark Letestu in COLUMBUS Blue Jackets zone.
2:38 of 2nd period - Shot by Jimmy Vesey.
2:38 of 2nd period - Goal by Jimmy Vesey - EDMONTON Oilers : 1 - COLUMBUS Blue Jackets : 1.
2:39 of 2nd period - Valtteri Filppula wins face-off versus David Desharnais in neutral zone.
2:45 of 2nd period - Shot by Valtteri Filppula.
2:45 of 2nd period - Stopped by Antti Niemi without a rebound.
2:46 of 2nd period - Valtteri Filppula wins face-off versus Jason Spezza in EDMONTON Oilers zone.
2:50 of 2nd period - Richard Panik is hit by Niklas Hjalmarsson and loses puck.
3:05 of 2nd period - Richard Panik is hit by Josh Morrissey and loses puck.
3:12 of 2nd period - Shot by Valtteri Filppula.
3:12 of 2nd period - Stopped by Antti Niemi without a rebound.
3:13 of 2nd period - Trevor Lewis wins face-off versus James Neal in EDMONTON Oilers zone.
3:52 of 2nd period - Shot by Trevor Lewis.
3:52 of 2nd period - Goal by Trevor Lewis - EDMONTON Oilers : 1 - COLUMBUS Blue Jackets : 2.
3:53 of 2nd period - Jason Spezza wins face-off versus Jori Lehtera in neutral zone.
4:06 of 2nd period - Shot by Sam Gagner.
4:06 of 2nd period - Stopped by Mike Smith without a rebound.
4:06 of 2nd period - Minor Penalty to Mike Smith for Slashing.
4:07 of 2nd period - Alexander Wennberg wins face-off versus Jason Spezza in COLUMBUS Blue Jackets zone.
4:20 of 2nd period - Shot by Sam Gagner.
4:20 of 2nd period - Stopped by Mike Smith without a rebound.
4:21 of 2nd period - Alexander Wennberg wins face-off versus Travis Morin in COLUMBUS Blue Jackets zone.
4:21 of 2nd period - Alexander Wennberg is hit by Leo Komarov.
4:49 of 2nd period - Shot by Leo Komarov.
4:49 of 2nd period - Shot Misses the Net.
4:52 of 2nd period - James Neal is hit by Joel Edmundson and loses puck.
5:26 of 2nd period - Icing by Niklas Hjalmarsson.
5:27 of 2nd period - Jason Spezza wins face-off versus Loui Eriksson in EDMONTON Oilers zone.
5:49 of 2nd period - Shot by Josh Morrissey.
5:49 of 2nd period - Shot Misses the Net.
6:23 of 2nd period - Shot by James Neal.
6:23 of 2nd period - Shot Blocked by Dmitry Kulikov.
6:25 of 2nd period - Shot by Matt Irwin.
6:25 of 2nd period - Shot Misses the Net.
6:27 of 2nd period - Shot by Leo Komarov.
6:27 of 2nd period - Stopped by Mike Smith without a rebound.
6:28 of 2nd period - Valtteri Filppula wins face-off versus David Desharnais in COLUMBUS Blue Jackets zone.
6:28 of 2nd period - Valtteri Filppula is hit by Tanner Glass.
6:40 of 2nd period - Shot by Jason Spezza.
6:40 of 2nd period - Stopped by Mike Smith with a rebound.
7:16 of 2nd period - Leo Komarov is hit by Alex Killorn and loses puck.
7:26 of 2nd period - Joel Edmundson is hit by Cody Franson and loses puck.
8:33 of 2nd period - Andre Burakovsky is hit by Josh Morrissey and loses puck.
8:59 of 2nd period - Icing by Matt Benning.
9:00 of 2nd period - Trevor Lewis wins face-off versus Jason Spezza in COLUMBUS Blue Jackets zone.
9:13 of 2nd period - Shot by Valtteri Filppula.
9:13 of 2nd period - Stopped by Antti Niemi without a rebound.
9:14 of 2nd period - James Neal wins face-off versus Alexander Wennberg in EDMONTON Oilers zone.
9:14 of 2nd period - James Neal is hit by Alexander Wennberg.
9:19 of 2nd period - Icing by Leo Komarov.
9:20 of 2nd period - Alexander Wennberg wins face-off versus Travis Morin in EDMONTON Oilers zone.
9:20 of 2nd period - Alexander Wennberg is hit by Matt Irwin.
9:31 of 2nd period - Alexander Wennberg is hit by Cody Franson and loses puck.
9:52 of 2nd period - Shot by Michael Frolik.
9:52 of 2nd period - Stopped by Antti Niemi without a rebound.
9:53 of 2nd period - Jason Spezza wins face-off versus Valtteri Filppula in EDMONTON Oilers zone.
10:26 of 2nd period - Shot by Alex Killorn.
10:26 of 2nd period - Stopped by Antti Niemi without a rebound.
10:27 of 2nd period - Mark Letestu wins face-off versus Alexander Wennberg in EDMONTON Oilers zone.
10:27 of 2nd period - Mark Letestu is hit by Alexander Wennberg.
10:38 of 2nd period - Jimmy Vesey is hit by Alexander Wennberg and loses puck.
10:48 of 2nd period - Mark Letestu is hit by Calvin de Haan and loses puck.
11:23 of 2nd period - Shot by Leo Komarov.
11:23 of 2nd period - Shot Misses the Net.
11:40 of 2nd period - Off-side.
11:41 of 2nd period - David Desharnais wins face-off versus Valtteri Filppula in neutral zone.
12:06 of 2nd period - Shot by Jason Spezza.
12:06 of 2nd period - Shot Misses the Net.
12:50 of 2nd period - Shot by James Neal.
12:50 of 2nd period - Shot Blocked by Dmitry Kulikov.
13:00 of 2nd period - Shot by Casey Cizikas.
13:00 of 2nd period - Stopped by Antti Niemi with a rebound.
13:02 of 2nd period - Shot by Casey Cizikas.
13:02 of 2nd period - Shot Blocked by Cody Franson.
13:04 of 2nd period - Shot by Matt Benning.
13:04 of 2nd period - Stopped by Antti Niemi with a rebound.
13:06 of 2nd period - Shot by Dmitry Kulikov.
13:06 of 2nd period - Stopped by Antti Niemi without a rebound.
13:07 of 2nd period - Mark Letestu wins face-off versus Jori Lehtera in EDMONTON Oilers zone.
13:07 of 2nd period - Niklas Hjalmarsson is hit by Artturi Lehkonen and loses puck.
13:49 of 2nd period - Mark Letestu is hit by Calvin de Haan and loses puck.
13:53 of 2nd period - Minor Penalty to Jori Lehtera for Close Hand On Puck.
13:54 of 2nd period - Alexander Wennberg wins face-off versus Travis Morin in COLUMBUS Blue Jackets zone.
14:13 of 2nd period - Shot by Leo Komarov.
14:13 of 2nd period - Shot Misses the Net.
14:23 of 2nd period - Shot by Michael Frolik.
14:23 of 2nd period - Stopped by Antti Niemi without a rebound.
14:24 of 2nd period - Jason Spezza wins face-off versus Loui Eriksson in EDMONTON Oilers zone.
14:31 of 2nd period - Shot by Sam Gagner.
14:31 of 2nd period - Shot Misses the Net.
14:33 of 2nd period - Shot by Niklas Hjalmarsson.
14:33 of 2nd period - Shot Misses the Net.
14:35 of 2nd period - Shot by Josh Morrissey.
14:35 of 2nd period - Stopped by Mike Smith without a rebound.
14:36 of 2nd period - Alexander Wennberg wins face-off versus Travis Morin in COLUMBUS Blue Jackets zone.
15:42 of 2nd period - Shot by Sam Gagner.
15:42 of 2nd period - Stopped by Mike Smith with a rebound.
15:44 of 2nd period - Shot by Niklas Hjalmarsson.
15:44 of 2nd period - Stopped by Mike Smith without a rebound.
15:45 of 2nd period - Jason Spezza wins face-off versus Loui Eriksson in COLUMBUS Blue Jackets zone.
15:46 of 2nd period - Shot by Josh Morrissey.
15:46 of 2nd period - Deflect By Sam Gagner.
15:46 of 2nd period - Stopped by Mike Smith without a rebound.
15:47 of 2nd period - Jason Spezza wins face-off versus Alexander Wennberg in COLUMBUS Blue Jackets zone.
15:59 of 2nd period - Icing by Dmitry Kulikov.
16:00 of 2nd period - Valtteri Filppula wins face-off versus Mark Letestu in COLUMBUS Blue Jackets zone.
16:00 of 2nd period - Valtteri Filppula is hit by Brian Flynn.
16:16 of 2nd period - Shot by Valtteri Filppula.
16:16 of 2nd period - Shot Misses the Net.
16:26 of 2nd period - Shot by Mark Letestu.
16:26 of 2nd period - Stopped by Mike Smith without a rebound.
16:27 of 2nd period - Jason Spezza wins face-off versus Alexander Wennberg in COLUMBUS Blue Jackets zone.
16:28 of 2nd period - Shot by Casey Bailey.
16:28 of 2nd period - Shot Blocked by Michael Frolik.
16:31 of 2nd period - Icing by Joel Edmundson.
16:32 of 2nd period - Jason Spezza wins face-off versus Alexander Wennberg in COLUMBUS Blue Jackets zone.
16:39 of 2nd period - Shot by Jason Spezza.
16:39 of 2nd period - Stopped by Mike Smith without a rebound.
16:40 of 2nd period - Jason Spezza wins face-off versus Alexander Wennberg in COLUMBUS Blue Jackets zone.
16:51 of 2nd period - Shot by Alexander Wennberg.
16:51 of 2nd period - Deflect By Loui Eriksson.
16:51 of 2nd period - Goal by Loui Eriksson - EDMONTON Oilers : 1 - COLUMBUS Blue Jackets : 3.
16:52 of 2nd period - James Neal wins face-off versus Richard Panik in neutral zone.
17:03 of 2nd period - Icing by Jan Rutta.
17:04 of 2nd period - Valtteri Filppula wins face-off versus Jason Spezza in COLUMBUS Blue Jackets zone.
17:17 of 2nd period - Shot by Olli Maatta.
17:17 of 2nd period - Goal by Olli Maatta - EDMONTON Oilers : 1 - COLUMBUS Blue Jackets : 4.
17:18 of 2nd period - Alexander Wennberg wins face-off versus James Neal in neutral zone.
18:21 of 2nd period - Alex Killorn is hit by Josh Morrissey and loses puck.
19:11 of 2nd period - Icing by Cody Franson.
19:12 of 2nd period - Trevor Lewis wins face-off versus Brian Flynn in EDMONTON Oilers zone.
19:38 of 2nd period - Shot by Casey Cizikas.
19:38 of 2nd period - Shot Misses the Net.
Goals for this period are 1 for EDMONTON Oilers vs 3 for COLUMBUS Blue Jackets.
Shots for this period are 11 for EDMONTON Oilers vs 12 for COLUMBUS Blue Jackets.

3rd period


0:01 of 3rd period - Casey Bailey wins face-off versus Alexander Wennberg in neutral zone.
0:11 of 3rd period - Sam Gagner is hit by Joel Edmundson and loses puck.
0:15 of 3rd period - Icing by Calvin de Haan.
0:16 of 3rd period - Alexander Wennberg wins face-off versus James Neal in COLUMBUS Blue Jackets zone.
0:20 of 3rd period - Off-side.
0:21 of 3rd period - Valtteri Filppula wins face-off versus Jason Spezza in neutral zone.
0:45 of 3rd period - Valtteri Filppula is hit by Josh Morrissey and loses puck.
0:56 of 3rd period - Shot by Richard Panik.
0:56 of 3rd period - Stopped by Antti Niemi with a rebound.
0:58 of 3rd period - Shot by Jan Rutta.
0:58 of 3rd period - Deflect By Richard Panik.
0:58 of 3rd period - Shot Misses the Net.
1:00 of 3rd period - Shot by Olli Maatta.
1:00 of 3rd period - Stopped by Antti Niemi without a rebound.
1:01 of 3rd period - Alexander Wennberg wins face-off versus Travis Morin in EDMONTON Oilers zone.
1:18 of 3rd period - Shot by Alexander Wennberg.
1:18 of 3rd period - Shot Blocked by Brad Hunt.
1:38 of 3rd period - Shot by Michael Frolik.
1:38 of 3rd period - Stopped by Antti Niemi without a rebound.
1:39 of 3rd period - Mark Letestu wins face-off versus Trevor Lewis in EDMONTON Oilers zone.
1:39 of 3rd period - Mark Letestu is hit by Andre Burakovsky.
1:56 of 3rd period - Andre Burakovsky is hit by Cody Franson and loses puck.
2:07 of 3rd period - Shot by Jimmy Vesey.
2:07 of 3rd period - Shot Blocked by Dmitry Kulikov.
2:15 of 3rd period - Shot by Mark Letestu.
2:15 of 3rd period - Goal by Mark Letestu - EDMONTON Oilers : 2 - COLUMBUS Blue Jackets : 4.
2:16 of 3rd period - David Desharnais wins face-off versus Jori Lehtera in neutral zone.
2:49 of 3rd period - Shot by David Desharnais.
2:49 of 3rd period - Stopped by Mike Smith without a rebound.
2:50 of 3rd period - James Neal wins face-off versus Valtteri Filppula in COLUMBUS Blue Jackets zone.
3:22 of 3rd period - Valtteri Filppula is hit by Madison Bowey and loses puck.
4:15 of 3rd period - Shot by Loui Eriksson.
4:15 of 3rd period - Stopped by Antti Niemi without a rebound.
4:16 of 3rd period - Trevor Lewis wins face-off versus Mark Letestu in EDMONTON Oilers zone.
4:36 of 3rd period - Andre Burakovsky is hit by Jimmy Vesey and loses puck.
4:49 of 3rd period - Shot by Trevor Lewis.
4:49 of 3rd period - Shot Misses the Net.
5:39 of 3rd period - Joel Edmundson is hit by Tanner Glass and loses puck.
5:50 of 3rd period - Shot by Jason Spezza.
5:50 of 3rd period - Shot Misses the Net.
6:20 of 3rd period - Shot by James Neal.
6:20 of 3rd period - Stopped by Mike Smith without a rebound.
6:21 of 3rd period - Valtteri Filppula wins face-off versus Jason Spezza in COLUMBUS Blue Jackets zone.
6:55 of 3rd period - Shot by Valtteri Filppula.
6:55 of 3rd period - Shot Blocked by Cody Franson.
7:00 of 3rd period - Icing by Matt Irwin.
7:01 of 3rd period - Trevor Lewis wins face-off versus Jason Spezza in EDMONTON Oilers zone.
7:18 of 3rd period - Shot by Casey Cizikas.
7:18 of 3rd period - Shot Blocked by Matt Irwin.
7:37 of 3rd period - Shot by Trevor Lewis.
7:37 of 3rd period - Deflect By Andre Burakovsky.
7:37 of 3rd period - Stopped by Antti Niemi with a rebound.
7:39 of 3rd period - Shot by Casey Cizikas.
7:39 of 3rd period - Stopped by Antti Niemi without a rebound.
7:40 of 3rd period - Valtteri Filppula wins face-off versus James Neal in EDMONTON Oilers zone.
8:14 of 3rd period - Dmitry Kulikov is hit by Leo Komarov and loses puck.
8:30 of 3rd period - Alex Killorn is hit by Mark Letestu.
9:04 of 3rd period - Shot by Loui Eriksson.
9:04 of 3rd period - Stopped by Antti Niemi without a rebound.
9:05 of 3rd period - Trevor Lewis wins face-off versus David Desharnais in EDMONTON Oilers zone.
9:08 of 3rd period - Shot by Trevor Lewis.
9:08 of 3rd period - Shot Blocked by David Desharnais.
9:28 of 3rd period - Josh Morrissey is hit by Trevor Lewis and loses puck.
9:53 of 3rd period - Icing by Jan Rutta.
9:54 of 3rd period - Trevor Lewis wins face-off versus Mark Letestu in COLUMBUS Blue Jackets zone.
10:05 of 3rd period - Shot by Brian Flynn.
10:05 of 3rd period - Shot Misses the Net.
10:07 of 3rd period - Shot by Jimmy Vesey.
10:07 of 3rd period - Shot Misses the Net.
10:09 of 3rd period - Shot by Matt Irwin.
10:09 of 3rd period - Shot Misses the Net.
10:11 of 3rd period - Shot by Brian Flynn.
10:11 of 3rd period - Deflect By Mark Letestu.
10:11 of 3rd period - Goal by Mark Letestu - EDMONTON Oilers : 3 - COLUMBUS Blue Jackets : 4.
10:12 of 3rd period - Alexander Wennberg wins face-off versus James Neal in neutral zone.
10:23 of 3rd period - Shot by Michael Frolik.
10:23 of 3rd period - Goal by Michael Frolik - EDMONTON Oilers : 3 - COLUMBUS Blue Jackets : 5.
10:24 of 3rd period - Mark Letestu wins face-off versus Richard Panik in neutral zone.
10:27 of 3rd period - Shot by Jimmy Vesey.
10:27 of 3rd period - Deflect By Brian Flynn.
10:27 of 3rd period - Shot Misses the Net.
10:37 of 3rd period - Shot by Valtteri Filppula.
10:37 of 3rd period - Shot Misses the Net.
10:39 of 3rd period - Shot by Valtteri Filppula.
10:39 of 3rd period - Shot Blocked by Madison Bowey.
10:41 of 3rd period - Shot by Alex Killorn.
10:41 of 3rd period - Stopped by Antti Niemi without a rebound.
10:42 of 3rd period - James Neal wins face-off versus Alexander Wennberg in EDMONTON Oilers zone.
10:42 of 3rd period - James Neal is hit by Michael Frolik.
11:39 of 3rd period - Icing by Sam Gagner.
11:40 of 3rd period - Valtteri Filppula wins face-off versus Jason Spezza in EDMONTON Oilers zone.
11:53 of 3rd period - Shot by Valtteri Filppula.
11:53 of 3rd period - Stopped by Antti Niemi without a rebound.
11:54 of 3rd period - Trevor Lewis wins face-off versus Brian Flynn in EDMONTON Oilers zone.
11:55 of 3rd period - Shot by Dmitry Kulikov.
11:55 of 3rd period - Deflect By Casey Cizikas.
11:55 of 3rd period - Shot Misses the Net.
12:01 of 3rd period - Shot by Trevor Lewis.
12:01 of 3rd period - Shot Blocked by Brad Hunt.
12:03 of 3rd period - Shot by Casey Cizikas.
12:03 of 3rd period - Deflect By Andre Burakovsky.
12:03 of 3rd period - Stopped by Antti Niemi without a rebound.
12:04 of 3rd period - Valtteri Filppula wins face-off versus David Desharnais in EDMONTON Oilers zone.
12:04 of 3rd period - Jan Rutta is hit by Cody Franson.
12:06 of 3rd period - Shot by Valtteri Filppula.
12:06 of 3rd period - Stopped by Antti Niemi without a rebound.
12:07 of 3rd period - Valtteri Filppula wins face-off versus David Desharnais in EDMONTON Oilers zone.
12:08 of 3rd period - Shot by Richard Panik.
12:08 of 3rd period - Shot Blocked by Niklas Hjalmarsson.
12:16 of 3rd period - Shot by Alex Killorn.
12:16 of 3rd period - Stopped by Antti Niemi with a rebound.
12:18 of 3rd period - Shot by Valtteri Filppula.
12:18 of 3rd period - Stopped by Antti Niemi with a rebound.
12:20 of 3rd period - Shot by Olli Maatta.
12:20 of 3rd period - Stopped by Antti Niemi without a rebound.
12:21 of 3rd period - James Neal wins face-off versus Alexander Wennberg in EDMONTON Oilers zone.
12:35 of 3rd period - Minor Penalty to Leo Komarov for Interference.
12:36 of 3rd period - Valtteri Filppula wins face-off versus Travis Morin in EDMONTON Oilers zone.
12:49 of 3rd period - Shot by Olli Maatta.
12:49 of 3rd period - Stopped by Antti Niemi without a rebound.
12:49 of 3rd period - Minor Penalty to Antti Niemi for Delaying the game.
12:50 of 3rd period - Jimmy Vesey wins face-off versus Alexander Wennberg in EDMONTON Oilers zone.
13:10 of 3rd period - Shot by Jimmy Vesey.
13:10 of 3rd period - Shot Blocked by Alexander Wennberg.
13:12 of 3rd period - Shot by Jimmy Vesey.
13:12 of 3rd period - Goal by Jimmy Vesey - EDMONTON Oilers : 4 - COLUMBUS Blue Jackets : 5.
13:13 of 3rd period - Valtteri Filppula wins face-off versus Jimmy Vesey in neutral zone.
13:15 of 3rd period - Off-side.
13:16 of 3rd period - Alexander Wennberg wins face-off versus Jimmy Vesey in neutral zone.
13:31 of 3rd period - Shot by Alexander Wennberg.
13:31 of 3rd period - Shot Misses the Net.
13:49 of 3rd period - Shot by Jimmy Vesey.
13:49 of 3rd period - Shot Misses the Net.
14:28 of 3rd period - Shot by Richard Panik.
14:28 of 3rd period - Shot Misses the Net.
14:30 of 3rd period - Shot by Valtteri Filppula.
14:30 of 3rd period - Stopped by Antti Niemi without a rebound.
14:31 of 3rd period - Valtteri Filppula wins face-off versus Brian Flynn in EDMONTON Oilers zone.
15:01 of 3rd period - Shot by Jason Spezza.
15:01 of 3rd period - Stopped by Mike Smith with a rebound.
15:10 of 3rd period - Off-side.
15:11 of 3rd period - Jori Lehtera wins face-off versus Travis Morin in neutral zone.
15:16 of 3rd period - Shot by Joel Edmundson.
15:16 of 3rd period - Shot Misses the Net.
15:23 of 3rd period - Icing by Joel Edmundson.
15:24 of 3rd period - Jori Lehtera wins face-off versus David Desharnais in COLUMBUS Blue Jackets zone.
15:24 of 3rd period - Jori Lehtera is hit by David Desharnais.
15:42 of 3rd period - Jori Lehtera is hit by Tanner Glass and loses puck.
15:49 of 3rd period - Shot by David Desharnais.
15:49 of 3rd period - Shot Misses the Net.
15:51 of 3rd period - Shot by David Desharnais.
15:51 of 3rd period - Stopped by Mike Smith without a rebound.
15:52 of 3rd period - Mark Letestu wins face-off versus Valtteri Filppula in COLUMBUS Blue Jackets zone.
16:22 of 3rd period - Shot by Jan Rutta.
16:22 of 3rd period - Stopped by Antti Niemi with a rebound.
16:24 of 3rd period - Shot by Olli Maatta.
16:24 of 3rd period - Shot Misses the Net.
16:26 of 3rd period - Shot by Jan Rutta.
16:26 of 3rd period - Stopped by Antti Niemi without a rebound.
16:27 of 3rd period - Jason Spezza wins face-off versus Alexander Wennberg in EDMONTON Oilers zone.
16:31 of 3rd period - Off-side.
16:32 of 3rd period - Jason Spezza wins face-off versus Alexander Wennberg in neutral zone.
16:32 of 3rd period - Josh Morrissey is hit by Loui Eriksson and loses puck.
17:10 of 3rd period - Alexander Wennberg is hit by Sam Gagner and loses puck.
18:09 of 3rd period - Shot by Richard Panik.
18:09 of 3rd period - Stopped by Antti Niemi without a rebound.
18:10 of 3rd period - Mark Letestu wins face-off versus Trevor Lewis in EDMONTON Oilers zone.
18:16 of 3rd period - Jimmy Vesey is hit by Dmitry Kulikov and loses puck.
18:40 of 3rd period - Andre Burakovsky is hit by Madison Bowey and loses puck.
19:05 of 3rd period - Shot by Joel Edmundson.
19:05 of 3rd period - Stopped by Antti Niemi with a rebound.
19:56 of 3rd period - Shot by Michael Frolik.
19:56 of 3rd period - Shot Misses the Net.
19:58 of 3rd period - Shot by Zemgus Girgensons.
19:58 of 3rd period - Stopped by Antti Niemi without a rebound.
19:59 of 3rd period - Alexander Wennberg wins face-off versus James Neal in EDMONTON Oilers zone.
Goals for this period are 3 for EDMONTON Oilers vs 1 for COLUMBUS Blue Jackets.
Shots for this period are 7 for EDMONTON Oilers vs 22 for COLUMBUS Blue Jackets.